 Dungeon Crawl Stone Soup version 0.29.1-1-gd02db6906a (webtiles) character file.

Game seed: 15989596421836663007

112 Earthwalker the Shield-Bearer (level 4, -5/41 HPs)
             Began as a Minotaur Fighter on Oct 13, 2022.
             Killed from afar by an orc wizard (9 damage)
             ... with a puff of flame
             ... on level 4 of the Dungeon.
             The game lasted 00:05:03 (2932 turns).

Earthwalker the Shield-Bearer (Minotaur Fighter)    Turns: 2932, Time: 00:05:03

Health: -5/41      AC:  9    Str: 22    XL:     4   Next: 63%
Magic:  3/3        EV: 14    Int:  5    God:
Gold:   116        SH:  0    Dex: 10    Spells: 3/3 levels left

rFire   . . .      SeeInvis .   a - +0 war axe
rCold   . . .      Faith    .   c - +0 buckler
rNeg    . . .      Spirit   .   b - +0 scale mail
rPois   +          Reflect  .   (helmet restricted)
rElec   .          Harm     .   (no cloak)
rCorr   .          Rampage  .   h - +1 pair of gloves {hurl}
Will    .....                   (no boots)
Stlth   ..........              (no amulet)
HPRegen 0.13/turn               m - +4 ring of evasion
MPRegen 0.08/turn               u - ring of poison resistance

@: confused
A: horns 2, retaliatory headbutt
a: no special abilities


You were on level 4 of the Dungeon.
You visited 1 branch of the dungeon, and saw 4 of its levels.

You collected 116 gold pieces.

Inventory:

Hand Weapons
 a - a +0 war axe (weapon)
Missiles
 e - 30 stones (quivered)
 o - 6 poisoned darts
Armour
 b - a +0 scale mail (worn)
 c - a +0 buckler (worn)
 h - a +1 pair of gloves of hurling (worn)
Jewellery
 m - a +4 ring of evasion (left hand)
 s - a +4 ring of evasion
 u - a ring of poison resistance (right hand)
Wands
 q - a wand of iceblast (7)
Scrolls
 l - 2 scrolls of identify
 n - 2 scrolls of torment
 t - 2 scrolls of silence {unknown}
Potions
 d - a potion of might
 f - a potion of haste
 g - a potion of degeneration
 i - 2 potions of magic {unknown}
 j - a potion of lignification {unknown}
 k - a potion of brilliance {unknown}
 p - a potion of berserk rage {unknown}
 r - a potion of attraction {unknown}


   Skills:
 * Level 4.3 Fighting
 * Level 3.3 Axes
 * Level 4.3 Armour
 * Level 2.0 Dodging
 * Level 4.4 Shields


You had 3 spell levels left.
You didn't know any spells.
Your spell library contained the following spells:

 Spells                   Type           Power      Damage    Failure   Level
 Slow                     Hex            0%         N/A       87%         1
 Confusing Touch          Hex            0%         N/A       99%         3
 Vampiric Draining        Necr           0%         2d6       99%         3
 Iskenderun's Battlesphe  Conj           0%         2d6       100%        5
 Iron Shot                Conj/Erth      0%         9d1       100%        6
 Spellforged Servitor     Conj/Summ      0%         N/A       100%        7


Dungeon Overview and Level Annotations

Branches:
Dungeon (4/15)
 Temple: D:4-7

Altars:
Trog


Innate Abilities, Weirdness & Mutations

You have a pair of horns on your head.
You reflexively headbutt those who attack you in melee.


Message History

You miss something. You barely miss the orc.
You hear some strange, mumbled words.
You are confused.
The orc hits you with a +0 hand axe.
You hear some strange, mumbled words.
A magic dart appears from out of thin air!
The magic dart hits you.
Items here: )) ††.
Unknown command.
You barely miss the orc.
The orc is almost dead.
You barely miss something. Something barely misses you.
The orc barely misses you.
You bump into the rock wall.
Something hits you but does no damage. The orc hits you with a +0 hand axe.
* * * LOW HITPOINT WARNING * * *
You closely miss something. You hit the orc.
You kill the orc!
Something hits you but does no damage. Something hits you.
* * * LOW HITPOINT WARNING * * *
Your Dodging skill increases to level 2!
You completely miss something. Your headbutt misses something.
You feel less confused.
You hear some strange, mumbled words.
You are confused.
You miss something. Your headbutt misses something.
You hear some strange, mumbled words.
A magic dart appears from out of thin air!
The magic dart hits you.
* * * LOW HITPOINT WARNING * * *
Something hits you.
* * * LOW HITPOINT WARNING * * *
You bump into the rock wall.
You hear some strange, mumbled words.
You are more confused.
You bump into the rock wall.
You hear some strange, mumbled words.
A puff of flame appears from out of thin air!
The puff of flame hits you!
You die...

#.# #.# #.# # #.#
#.#######.# ##.......#.#
#######
........@#.########......
........{).......>.......
.....$..)#.######.#......
..#......#...............
#......#..#####.#......
#?.....#..# #.###....
####....... #.# #.#.#
#.###..#.# #.# #.#.# #.
#..#.# #.# #.#.#


There were no monsters in sight!

Vanquished Creatures
  3 adders
  A white imp (D:3)
  A worm (D:2)
  7 orcs (D:4)
  10 endoplasms
  3 giant cockroaches
  6 goblins
  9 hobgoblins
  3 kobolds
  2 quokkas
  6 ball pythons
  3 bats
  4 frilled lizards
  5 rats
63 creatures vanquished.

Notes
Turn   | Place    | Note
-------+----------+-------------------------------------------
     0 | D:1      | Earthwalker the Minotaur Fighter began the quest for the
                  | Orb.
     0 | D:1      | Reached XP level 1. HP: 19/19 MP: 0/0
   185 | D:1      | Reached XP level 2. HP: 27/27 MP: 1/1
   825 | D:2      | Reached skill level 1 in Dodging
   988 | D:2      | You fall into a shaft and drop 1 floor!
   995 | D:3      | Reached XP level 3. HP: 33/33 MP: 2/2
  1139 | D:2      | Found a faded altar of an unknown god.
  1265 | D:2      | Found a bloodstained altar of Trog.
  2078 | D:3      | Reached XP level 4. HP: 27/40 MP: 3/3
  2932 | D:4      | Killed from afar by an orc wizard

Illustrated notes

Levels and vault maps discovered:
D:1:      minmay_arrival_split_and_join, layout_loops_ring
D:2:      layout_loops_cross, basic_altar, nicolae_ecumenical_oubliette,
          kennysheep_nondescript, nicolae_eternal_life
D:3:      layout_basic
D:4:      layout_basic, serial_rivers, chequers_serial_rivers_large_b,
          chequers_serial_rivers_small_3, chequers_serial_rivers_micro_c,
          chequers_serial_rivers_large_a, chequers_serial_rivers_micro_a

Skill      XL: |  1  2  3  4 |
---------------+-------------+-----
Dodging        | 1 2 |  2.0
Fighting       | 4 |  4.3
Shields        | 4 |  4.4
Armour         | 4 |  4.3
Axes           | 3 |  3.3

Action                   |  1- 3 |  4- 6 || total
-------------------------+-------+-------++-------
Melee: War axe           |    93 |    39 ||   132
       Headbutt          |     9 |     5 ||    14
  Use: Scroll            |     5 |       ||     5
Armor: Scale mail        |    58 |    15 ||    73
Dodge: Dodged            |    48 |    28 ||    76
Block: Buckler           |    27 |     1 ||    28
